cohdb
Replays
Latest Replays
All Replays
Popular Replays
Top Player Replays
Match Explorer
How It Works
Community
CoH3 Stats
Reddit
Sign in to upload your games and track your stats! →
Sign in with Steam
Match 40147674
Unlisted
Match 40147674
Overview
Messages
Build Orders
End
Construct Barracks
Engineer Squad
1⁄4-ton 4x4 Truck
Riflemen Squad
Construct Weapon Support Center
M1919 Machine Gun Team
M1 Mortar Team
M1919 Machine Gun Team
Construct Medical Station
Mechanized Support Center
Selects Heavy Weapons
Selects M2HB .50cal Heavy Machine Gun
Selects Assault Carriers
Infantry Support Center
M3 Assault Carrier
M3 Assault Carrier
Riflemen Squad
Ace
Sera Watanabe Ch. ID
Thiklitsa
ロイヤルメイド長ベル
BIOHAZARD
=BIA=Daghito
=BIA=Decapsy
Giovanni
0
0
Comments
sign in to comment!
No comments posted yet!